Map: Beckett Industries LE

Players

ViBE - Winner!

  • Race: Protoss Protoss
  • League: Diamond

SomeDay

  • Race: Zerg Zerg

VOD

Have the link to the VOD?

Description

Time

  • Played on: April 12, 2021, 3:52 a.m.
  • Length: 19:54
Show
View Real Time Build Order
Export as new Build Order

ViBE Protoss - Winner!

Build Orders: 1 Gate Expand, Carriers 

Get SALT Encoding   

  12  0:02  Probe  
  13  0:14  Probe  
  14  0:22  Pylon  
  14  0:27  Probe  
  15  0:40  Probe  
  16  0:46  Gateway  
  16  0:51  Assimilator  
  16  0:52  Probe  
  17  1:05  Probe  
  18  1:17  Probe (Chrono Boost)  
  19  1:29  Probe (Chrono Boost)  
  20  1:33  Nexus  
  20  1:35  Probe (Chrono Boost)  
  20  1:39  Cybernetics Core  
  21  1:44  Probe  
  22  1:48  Assimilator  
  22  1:54  Pylon  
  22  2:00  Probe  
  23  2:12  Probe  
  24  2:20  Stalker (Chrono Boost)  
  24  2:23  Warp Gate  
  24  2:24  Probe  
  27  2:36  Probe  
  28  2:40  Gateway  
  28  2:42  Shield Battery  
  28  2:45  Probe  
  28  2:48  Probe  
  28  2:51  Stargate  
  30  2:57  Probe  
  31  2:59  Adept  
  31  3:00  Probe  
  34  3:10  Probe  
  36  3:13  Probe (Chrono Boost)  
  36  3:18  Pylon  
  36  3:22  Probe (Chrono Boost)  
  36  3:25  Probe (Chrono Boost)  
  38  3:29  Pylon  
  38  3:32  Void Ray, Probe (Chrono Boost)  
  38  3:33  Probe (Chrono Boost)  
  40  3:37  Probe (Chrono Boost)  
  40  3:39  Probe  
  46  3:47  Adept x2  
  50  3:49  Probe  
  50  3:51  Probe  
  50  3:54  Pylon  
  52  4:01  Probe  
  53  4:03  Probe  
  53  4:05  Assimilator  
  53  4:07  Assimilator  
  53  4:09  Pylon  
  54  4:10  Void Ray  
  54  4:13  Probe  
  59  4:26  Probe x2  
  61  4:37  Adept x2  
  65  4:40  Nexus  
  65  4:43  Pylon  
  65  4:46  Pylon  
  65  4:49  Probe x2  
  65  4:50  Void Ray  
  71  5:01  Adept x2, Probe x2  
  77  5:10  Robotics Facility  
  77  5:13  Probe x2 (Chrono Boost)  
  79  5:25  Adept, Probe (Chrono Boost)  
  79  5:26  Adept, Probe (Chrono Boost)  
  85  5:32  Twilight Council, Probe x2 (Chrono Boost)  
  87  5:39  Probe  
  87  5:40  Probe  
  89  5:50  Assimilator  
  89  5:51  Assimilator  
  89  5:52  Void Ray, Probe x2  
  91  6:02  Robotics Bay  
  91  6:04  Probe x2, Observer  
  98  6:09  Probe  
  97  6:16  Probe  
  92  6:18  Adept x2  
  92  6:19  Probe  
  92  6:21  Probe  
  92  6:31  Probe x2  
  92  6:34  Gateway  
  92  6:36  Gateway  
  92  6:37  Gateway  
  92  6:39  Gateway  
  92  6:40  Void Ray  
  92  6:44  Probe  
  92  6:45  Probe x2  
  92  6:47  Blink  
  99  6:51  Stalker x2  
  99  6:53  Colossus (Chrono Boost)  
  109  6:54  Extended Thermal Lance  
  109  7:00  Templar Archives  
  109  7:09  Pylon  
  109  7:22  Void Ray  
  109  7:27  Probe x3  
  109  7:29  Nexus  
  116  7:31  Pylon  
  116  7:34  Pylon  
  116  7:35  Forge  
  116  7:39  Probe  
  117  7:49  Probe  
  118  7:56  Stalker  
  118  7:57  Pylon, Stalker x5  
  130  8:01  Pylon  
  130  8:03  Pylon  
  130  8:04  Void Ray  
  130  8:07  Pylon, Probe x2  
  130  8:08  Probe  
  130  8:11  Colossus (Chrono Boost)  
  133  8:18  Protoss Ground Weapons Level 1 (Chrono Boost)  
  143  8:20  Pylon  
  143  8:26  Pylon  
  143  8:28  Pylon  
  143  8:33  Void Ray  
  143  8:35  Probe  
  143  8:36  Probe x2  
  146  8:42  Probe  
  146  8:47  Charge, Colossus  
  146  8:48  Probe x3  
  154  8:53  Assimilator x2  
  154  8:56  Probe  
  154  9:00  Probe x3  
  154  9:01  Nexus  
  154  9:02  Pylon  
  164  9:05  Pylon  
  164  9:15  Protoss Air Weapons Level 1 (Chrono Boost)  
  164  9:18  Zealot x6  
  176  9:29  Assimilator  
  176  9:33  Assimilator  
  176  9:36  Gateway  
  176  9:39  Gateway  
  176  9:40  Gateway  
  176  9:43  Gateway, Void Ray  
  176  9:46  High Templar x6  
  176  9:47  Colossus (Chrono Boost)  
  176  9:49  Gateway  
  176  9:51  Gateway  
  196  9:53  Gateway  
  196  9:59  Archon  
  194  10:00  Archon x2  
  194  10:04  Protoss Ground Weapons Level 2 (Chrono Boost)  
  168  10:13  Probe x2  
  168  10:14  Probe x2  
  172  10:15  Nexus  
  172  10:17  Pylon  
  172  10:23  Zealot, Void Ray  
  172  10:24  Zealot x5  
  172  10:25  Probe  
  185  10:32  Observer (Chrono Boost)  
  185  10:34  Zealot x3  
  196  10:38  Zealot  
  198  10:43  Zealot  
  186  11:22  Zealot x8  
  200  11:36  Fleet Beacon  
  200  11:42  Stargate  
  200  11:43  Stargate  
  200  11:46  Stargate  
  198  11:47  Stargate  
  186  12:10  Zealot x7  
  186  12:11  Protoss Ground Weapons Level 3 (Chrono Boost)  
  200  12:18  Protoss Air Weapons Level 2 (Chrono Boost)  
  196  12:44  Carrier x2  
  190  13:28  Carrier  
  190  13:35  Carrier  
  183  14:20  Carrier x3  
  195  14:35  Photon Cannon  
  195  14:38  Photon Cannon  
  195  14:39  Shield Battery, Photon Cannon  
  195  14:40  Photon Cannon  
  195  14:41  Protoss Air Weapons Level 3 (Chrono Boost)  
  195  14:43  Shield Battery  
  195  14:44  Protoss Shields Level 1 (Chrono Boost)  
  193  14:54  Photon Cannon  
  193  14:56  Photon Cannon  
  193  14:57  Shield Battery  
  193  15:01  Photon Cannon  
  193  15:02  Photon Cannon  
  193  15:05  Photon Cannon  
  193  15:06  Shield Battery, Photon Cannon  
  193  15:07  Photon Cannon  
  193  15:08  Shield Battery x2  
  193  15:10  Photon Cannon  
  193  15:11  Photon Cannon  
  193  15:12  Photon Cannon  
  193  15:13  Photon Cannon  
  193  15:15  Shield Battery  
  193  15:20  Observer (Chrono Boost)  
  190  15:25  Mothership  
  196  15:28  Probe x2  
  196  15:33  Dark Shrine  
  196  15:34  Observer (Chrono Boost)  
  185  15:53  Observer  
  185  16:06  Probe x4  
  189  16:16  Stalker x5  
  189  16:18  Probe  
  198  16:43  Nexus  
  198  16:47  Pylon  
  198  16:48  Photon Cannon x2  
  198  16:49  Pylon, Shield Battery  
  198  16:52  Pylon  
  190  17:26  Carrier  
  196  17:39  Photon Cannon  
  196  17:40  Photon Cannon  
  196  17:43  Photon Cannon  
  196  17:45  Photon Cannon  
  196  17:47  Photon Cannon  
  196  17:49  Photon Cannon  
  196  17:52  Photon Cannon  
  196  17:54  Photon Cannon  
  196  17:56  Photon Cannon  
  196  17:58  Dark Templar x2  
  196  17:59  Shield Battery  
  196  18:01  Shield Battery  
  196  18:05  Shield Battery, Dark Templar x4  
  191  18:32  Dark Templar x6  
Show
View Real Time Build Order
Export as new Build Order

SomeDay Zerg 

Build Orders: Hatch First, Lurkers 

Get SALT Encoding   

  12  0:00  Drone  
  13  0:13  Overlord  
  13  0:17  Drone  
  14  0:32  Drone x2  
  16  0:50  Hatchery  
  16  0:53  Drone  
  16  0:57  Drone  
  17  1:04  Extractor  
  16  1:14  Spawning Pool  
  16  1:17  Drone  
  16  1:20  Drone  
  16  1:25  Drone  
  18  1:32  Drone  
  19  1:44  Drone  
  20  1:51  Overlord  
  20  2:00  Queen  
  22  2:03  Metabolic Boost  
  22  2:09  Queen  
  24  2:18  Drone x2  
  24  2:20  Zergling x2  
  27  2:23  Zergling x2  
  27  2:28  Drone  
  27  2:29  Drone  
  30  2:34  Drone  
  31  2:39  Queen  
  33  2:47  Queen  
  35  2:52  Overlord  
  35  2:55  Drone  
  36  3:11  Drone x4  
  36  3:12  Drone  
  41  3:13  Overlord  
  41  3:30  Drone x3  
  41  3:33  Overlord  
  44  3:35  Hatchery  
  42  3:43  Queen  
  42  3:44  Drone  
  42  3:45  Drone x2  
  42  3:48  Extractor  
  46  3:49  Extractor  
  46  3:53  Lair  
  45  3:57  Extractor  
  45  3:58  Drone x2  
  45  4:01  Drone  
  47  4:04  Drone x2  
  49  4:20  Roach Warren  
  48  4:24  Queen  
  50  4:35  Zergling x2  
  50  4:38  Overlord x3  
  51  4:41  Spore Crawler  
  51  4:43  Spore Crawler  
  49  4:48  Queen  
  51  4:53  Queen  
  51  4:56  Zergling x8  
  51  4:57  Zergling x4  
  58  5:07  Roach x2  
  58  5:08  Roach x2  
  58  5:12  Roach  
  68  5:19  Roach x2  
  72  5:36  Queen  
  74  5:49  Overlord x3  
  74  5:54  Overlord  
  73  6:07  Queen x2  
  77  6:17  Roach x2  
  77  6:18  Roach x6  
  83  6:27  Drone x5  
  78  6:54  Drone x2  
  78  6:55  Drone x7  
  87  7:12  Ravager  
  87  7:13  Ravager x7  
  87  7:14  Overlord x3  
  95  7:16  Hatchery  
  94  7:26  Hydralisk Den  
  93  7:31  Roach x3, Evolution Chamber  
  93  7:32  Evolution Chamber  
  93  7:33  Drone x3  
  93  7:35  Drone x2  
  102  7:38  Extractor  
  102  7:39  Extractor  
  101  7:47  Hatchery  
  100  7:55  Drone x3  
  100  7:56  Drone x4  
  107  8:04  Drone x3  
  110  8:08  Grooved Spines, Hydralisk x2  
  110  8:09  Hydralisk x2  
  118  8:21  Drone x4  
  118  8:23  Overlord x2  
  122  8:42  Overseer  
  122  8:45  Overseer  
  122  8:50  Hydralisk  
  122  8:51  Hydralisk x7  
  138  9:14  Drone x5  
  138  9:15  Overlord x3, Drone  
  144  9:26  Glial Reconstitution  
  144  9:27  Baneling Nest  
  144  9:29  Zerg Missile Weapons Level 1, Zerg Ground Armor Level 1  
  144  9:30  Muscular Augments  
  143  9:32  Overlord x2  
  143  9:33  Overseer  
  143  9:34  Extractor x2  
  141  9:42  Roach x3  
  141  9:43  Roach x3  
  141  9:44  Hydralisk x2  
  147  10:08  Hydralisk x6  
  147  10:09  Hydralisk x3  
  147  10:11  Zergling x10  
  147  10:12  Zergling x2  
  171  10:18  Zergling x2  
  172  10:24  Centrifical Hooks  
  172  10:26  Zergling x8  
  176  10:42  Hydralisk x4  
  180  10:47  Infestation Pit  
  183  10:52  Lurker Den  
  183  10:53  Roach  
  183  10:55  Overlord x3  
  184  11:00  Hatchery  
  181  11:05  Hydralisk  
  181  11:07  Overlord x3  
  169  11:21  Hydralisk x7  
  169  11:22  Hydralisk  
  176  11:39  Hydralisk  
  176  11:40  Hydralisk x6  
  189  12:05  Hydralisk  
  189  12:06  Hydralisk x7  
  195  12:13  Spire  
  194  12:16  Lurker  
  194  12:17  Lurker x5  
  200  12:31  Zerg Missile Weapons Level 2, Zerg Ground Armor Level 2  
  200  12:44  Hydralisk x3  
  169  13:21  Hydralisk  
  169  13:22  Hydralisk x3  
  169  13:23  Hydralisk x11  
  199  13:33  Corruptor x3  
  199  13:34  Corruptor  
  197  13:42  Lurker  
  197  13:46  Lurker x2  
  200  13:59  Zerg Flyer Weapons Level 1  
  150  14:18  Hydralisk  
  150  14:19  Hydralisk x11  
  160  14:29  Hydralisk x3  
  166  14:39  Drone x4  
  170  14:48  Hatchery  
  147  14:56  Hydralisk x5  
  147  14:57  Hydralisk x2  
  161  15:18  Hydralisk  
  161  15:19  Hydralisk x8  
  179  15:53  Corruptor x4  
  179  15:54  Corruptor x4  
  192  16:02  Corruptor x2  
  181  16:17  Corruptor x3  
  181  16:18  Corruptor  
  189  16:24  Hydralisk  
  189  16:25  Hydralisk x2  
  189  16:35  Corruptor x2  
  189  16:38  Drone x2  
  189  16:39  Drone x2  
  197  16:49  Lurker x3  
  145  17:28  Hydralisk x7  
  145  17:29  Hydralisk x8  
  161  17:30  Hydralisk  
  171  17:46  Drone x5  
  171  17:47  Drone  
  138  18:24  Hatchery  
Tags
 
Add a new tag
Caveats
  • Supply blocks, unpowered buildings, or Contaminate may cause inaccurate times.
  • Supply counts are checked every 10 seconds.